 Dungeon Sprint DCSS version 0.28-a0-909-g796cbd3a86 (webtiles) character file.

Game seed: 1753998364508774345

2696 mhtbhm the Carver (level 9, 0/93 HPs)
             Began as a Minotaur Fighter on Nov 24, 2021.
             Was an Initiate of Gozag.
             Slain by an eight-headed hydra (6 damage)
             ... while petrified by a catoblepas
             ... in the Dungeon (Sprint IX: "|||||||||||||||||||||||||||||").
             The game lasted 00:01:45 (536 turns).

mhtbhm the Carver (Minotaur Fighter)                 Turns: 536, Time: 00:01:46

Health: 0/93       AC: 17    Str: 27    XL:     9   Next: 38%
Magic:  8/8        EV:  2    Int:  5    God:    Gozag
Gold:   657        SH:  0    Dex: 13    Spells: 8/8 levels left

rFire   . . .      SeeInvis .   a - +2 scimitar (holy)
rCold   . . .      Faith    .   c - +0 buckler
rNeg    + + +      Spirit   .   b - +1 chain mail
rPois   ∞          Reflect  .   (helmet restricted)
rElec   .          Harm     .   (no cloak)
rCorr   .          Rampage  .   m - +0 pair of gloves
Will    .....      NoTele   +   n - +0 pair of boots
Stlth   ..........              (no amulet)
HPRegen 0.25/turn               o - +3 ring of strength
MPRegen 0.11/turn               p - +3 ring of dexterity

@: mighty, petrified, gold aura
A: horns 2, retaliatory headbutt
a: Renounce Religion, Potion Petition, Call Merchant, Bribe Branch


You were in the Dungeon.
You worshipped Gozag.
Gozag was pleased with you.
You visited 1 branch You collected 657 gold pieces.

Inventory:

Hand Weapons
 a - a +2 scimitar of holy wrath (weapon)
Armour
 b - a +1 chain mail (worn)
 c - a +0 buckler (worn)
 m - a +0 pair of gloves (worn)
 n - a +0 pair of boots (worn)
Jewellery
 o - a +3 ring of strength (left hand)
 p - a +3 ring of dexterity (right hand)
Wands
 l - a wand of acid (1)
Scrolls
 j - 2 scrolls of blinking
 k - 2 scrolls of amnesia
Potions
 e - 5 potions of curing
 f - a potion of heal wounds
 g - a potion of haste
 h - 4 potions of magic


   Skills:
 + Level 13.5 Fighting
 + Level 13.8 Long Blades
 + Level 13.5 Armour
 + Level 2.3 Dodging
 + Level 1.6 Stealth
 + Level 11.3 Shields
 + Level 3.3 Evocations


You had 8 spell levels left.
You didn't know any spells.
Your spell library was empty.

Dungeon Overview and Level Annotations

Branches:
Dungeon (1/1)

Altars:
Cheibriados
Dithmenos
Elyvilon
Fedhas
Gozag
Hepliaklqana
Kikubaaqudgha
Makhleb
Nemelex Xobeh
Okawaru
Qazlal
Ru
Sif Muna
Trog
Uskayaw
Vehumet
Wu Jian
Xom
Yredelemnul
Zin
The Shining One
Beogh
Jiyva
Lugonu


Innate Abilities, Weirdness & Mutations

You have a pair of horns on your head.
You reflexively headbutt those who attack you in melee.


Message History

The eight-headed hydra bites you but does no damage.
The eight-headed hydra bites you. The eight-headed hydra bites you!
The eight-headed hydra bites you but does no damage. x3
The eight-headed hydra bites you.
The eight-headed hydra bites you but does no damage.
The eight-headed hydra bites you but does no damage.
The eight-headed hydra bites you.
The eight-headed hydra barely misses you.
The eight-headed hydra bites you but does no damage. x4
The eight-headed hydra bites you.
The eight-headed hydra is no longer covered in acid.
The eight-headed hydra bites you but does no damage.
The eight-headed hydra bites you. x2
The eight-headed hydra bites you but does no damage.
The eight-headed hydra bites you.
The eight-headed hydra bites you but does no damage. x2
The eight-headed hydra bites you.
The vampire mosquito is distracted by your dazzling golden aura.
The eight-headed hydra bites you but does no damage. x2
The eight-headed hydra bites you!
* * * LOW HITPOINT WARNING * * *
The eight-headed hydra bites you but does no damage. x3
The eight-headed hydra barely misses you.
The eight-headed hydra bites you but does no damage.
The eight-headed hydra bites you!
* * * LOW HITPOINT WARNING * * *
The eight-headed hydra bites you!
* * * LOW HITPOINT WARNING * * *
The eight-headed hydra bites you.
* * * LOW HITPOINT WARNING * * *
The eight-headed hydra bites you!
* * * LOW HITPOINT WARNING * * *
The eight-headed hydra bites you but does no damage.
The eight-headed hydra bites you.
* * * LOW HITPOINT WARNING * * *
The eight-headed hydra bites you.
* * * LOW HITPOINT WARNING * * *
The eight-headed hydra bites you!
You die...
Your body crumbles into a pile of gold.

▓+▓
▓.▓
▓.▓
▓.▓
▓.▓
▓y▓
▓D▓
▓@▓
▓.▓
$
▓.▓
$
▓.▓
$ $
▓.▓
$
▓.▓
$
▓)▓
$
▓'▓
$
▓.▓


You could see an eight-headed hydra and a vampire mosquito (unaware).

Vanquished Creatures
  A catoblepas (D)
  A centaur warrior (D)
  An ugly thing (D)
  A troll (D)
  A slime creature (D)
  3 yaks (D)
  A wraith (D)
  An orc warrior (D)
  A scorpion (D)
  A white imp (D)
  An ufetubus (D)
  An orc (D)
  A bat zombie (D)
  A giant cockroach (D)
  2 goblins (D)
  A hobgoblin (D)
  A frilled lizard (D)
20 creatures vanquished.

Notes
Turn   | Place    | Note
-------+----------+-------------------------------------------
     0 | D        | mhtbhm the Minotaur Fighter began the quest for the Orb.
     0 | D        | Reached XP level 1. HP: 19/19 MP: 0/0
   112 | D        | Noticed a scorpion
   116 | D        | Reached XP level 2. HP: 28/28 MP: 1/1
   118 | D        | Reached skill level 5 in Fighting
   119 | D        | Reached skill level 5 in Armour
   120 | D        | Killed a scorpion
   121 | D        | Reached skill level 5 in Shields
   121 | D        | Reached XP level 3. HP: 38/38 MP: 2/2
   121 | D        | Reached XP level 4. HP: 45/45 MP: 3/3
   160 | D        | Found a snail-covered altar of Cheibriados.
   160 | D        | Found a shadowy altar of Dithmenos.
   160 | D        | Found a white marble altar of Elyvilon.
   160 | D        | Found a blossoming altar of Fedhas.
   160 | D        | Found an opulent altar of Gozag.
   161 | D        | Found a hazy altar of Hepliaklqana.
   162 | D        | Found a viscous altar of Jiyva.
   163 | D        | Found an ancient bone altar of Kikubaaqudgha.
   164 | D        | Found a corrupted altar of Lugonu.
   165 | D        | Found a burning altar of Makhleb.
   166 | D        | Found a sparkling altar of Nemelex Xobeh.
   167 | D        | Found an iron altar of Okawaru.
   168 | D        | Found a stormy altar of Qazlal.
   169 | D        | Found a sacrificial altar of Ru.
   170 | D        | Found a shimmering blue altar of Sif Muna.
   171 | D        | Found a bloodstained altar of Trog.
   172 | D        | Found a hide-covered altar of Uskayaw.
   173 | D        | Found a radiant altar of Vehumet.
   174 | D        | Found an ornate altar of the Wu Jian Council.
   184 | D        | Became a worshipper of Gozag Ym Sagoz the Greedy
   194 | D        | Found a shimmering altar of Xom.
   195 | D        | Found a basalt altar of Yredelemnul.
   196 | D        | Found a glowing silver altar of Zin.
   197 | D        | Found a glowing golden altar of the Shining One.
   250 | D        | Noticed a yak
   250 | D        | Noticed a troll
   250 | D        | Noticed a yak
   250 | D        | Noticed a yak
   250 | D        | Noticed a wraith
   250 | D        | Noticed an orc warrior
   257 | D        | Killed an orc warrior
   258 | D        | Reached XP level 5. HP: 29/53 MP: 4/4
   261 | D        | Killed a wraith
   262 | D        | Reached skill level 1 in Dodging
   262 | D        | Reached XP level 6. HP: 35/63 MP: 5/5
   264 | D        | Killed a yak
   265 | D        | Reached skill level 10 in Armour
   267 | D        | Killed a yak
   268 | D        | Reached skill level 10 in Fighting
   268 | D        | Reached XP level 7. HP: 42/73 MP: 6/6
   271 | D        | Killed a troll
   272 | D        | Reached skill level 10 in Long Blades
   274 | D        | Killed a yak
   510 | D        | Noticed an eight-headed hydra
   510 | D        | Noticed a catoblepas
   510 | D        | Noticed a slime creature
   510 | D        | Noticed a brown ugly thing
   510 | D        | Noticed a vampire mosquito
   510 | D        | Noticed a centaur warrior
   517 | D        | Killed a centaur warrior
   517 | D        | Killed a slime creature
   518 | D        | Reached skill level 1 in Stealth
   518 | D        | Reached skill level 10 in Shields
   518 | D        | Reached XP level 8. HP: 67/85 MP: 7/7
   522 | D        | Killed a brown ugly thing
   523 | D        | Reached XP level 9. HP: 59/92 MP: 8/8
   526 | D        | Killed a catoblepas
   536 | D        | Slain by an eight-headed hydra

Illustrated notes

Levels and vault maps discovered:
D:        linesprint [early_d, line_temple, items_1, d_10, items_2, lair_1,
          lair_end, items_3, orc_1, orc_end, items_4, d_15, swamp_1, shoals_1,
          snake_1, spider_1, d_20, vaults_1, items_5, swamp_end, shoals_end,
          snake_end, spider_end, vaults_end, d_27, items_6, zot_1, zot_end,
          crypt_end, forest_end, elf_end, slime_end, tomb_end, abyss_end,
          pan_hell_end]

Skill      XL: |  1  2  3  4  5  6  7  8  9 |
---------------+----------------------------+-----
Fighting       | 4 6 7 9 10 12 13 | 13.5
Armour         | 4 6 7 9 10 12 13 | 13.5
Shields        | 4 5 6 7 9 10 11 | 11.3
Long Blades    | 3 4 6 8 9 12 13 | 13.8
Dodging        | 1 2 |  2.3
Stealth        | 1 |  1.6
Evocations     | 2 3 |  3.3

Action                   |  1- 3 |  4- 6 |  7- 9 || total
-------------------------+-------+-------+-------++-------
Melee: Long sword        |    17 |     2 |       ||    19
       Headbutt          |     1 |     5 |     2 ||     8
       Scimitar          |       |    12 |    13 ||    25
Evoke: Wand              |       |     1 |     8 ||     9
  Use: Potion            |     1 |     3 |     1 ||     5
 Stab: Invisible         |       |       |     1 ||     1
Armor: Scale mail        |     4 |     1 |       ||     5
       Chain mail        |       |     4 |    40 ||    44
Dodge: Dodged            |     6 |     4 |    10 ||    20
Block: Buckler           |     5 |     1 |     7 ||    13

Table legend: (Time is in decaauts)
 A = Elapsed time spent in this place.
 B = Non-inter-level travel time spent in this place.
 C = Inter-level travel time spent in this place.
 D = Time resting spent in this place.
 E = Time spent auto-exploring this place.
 F = Levels seen in this place.
 G = Mean time per level.
                   A        B        C        D        E       F      G
               +--------+--------+--------+--------+--------+-----+--------+
         Total |    549 |    549 |      0 |    362 |      3 |   1 |  549.0 |
       Dungeon |    549 |    549 |      0 |    362 |      3 |   1 |  549.0 |
               +--------+--------+--------+--------+--------+-----+--------+

Top non-repeatable levels by time:
       D: 549 daAuts
